 Dungeon Crawl Stone Soup version 0.30.1-3-gfc49f6343a (webtiles) character file.

Game seed: 12884185208369982221

44 Peloso the Trooper (level 3, -1/33 HPs)
             Began as a Minotaur Fighter on July 23, 2023.
             Slain by an orc wizard
             ... wielding a +0 dagger
              (4 damage)
             ... on level 2 of the Dungeon.
             The game lasted 00:01:44 (1109 turns).

Peloso the Trooper (Minotaur Fighter)               Turns: 1109, Time: 00:01:44

Health: -1/33      AC:  7    Str: 19 (20) XL:     3   Next: 41%
Magic:  2/2        EV:  9    Int:  3 (5)  God:
Gold:   62         SH:  0    Dex:  8 (11) Spells: 2/2 levels left

rFire   . . .        a - +0 long sword
rCold   . . .        c - +0 buckler
rNeg    . . .        b - +0 scale mail
rPois   .            (helmet restricted)
rElec   .            (no cloak)
rCorr   .            (no gloves)
SInv    .            (no boots)
Will    .....        (no amulet) Stlth
                     (no ring)
HPRegen 0.25/turn    (no ring)
MPRegen 0.08/turn

%: no passive effects
@: confused, attractive
A: horns 2, retaliatory headbutt
a: no special abilities


You were on level 2 of the Dungeon.
You visited 1 branch of the dungeon, and saw 2 of its levels.

You collected 62 gold pieces.

Inventory:

Hand Weapons
 a - a +0 long sword (weapon)
Armour
 b - a +0 scale mail (worn)
 c - a +0 buckler (worn)
Scrolls
 f - a scroll of teleportation {unknown}
 g - a scroll of enchant armour {unknown}
Potions
 d - a potion of might
 h - 2 potions of cancellation


   Skills:
 + Level 4.3 Fighting
 + Level 3.1 Long Blades
 + Level 4.0 Armour
 + Level 0.7 Dodging
 + Level 0.1 Stealth
 + Level 3.9 Shields


You had 2 spell levels left.
You didn't know any spells.
Your spell library was empty.

Dungeon Overview and Level Annotations

Branches:
Dungeon (2/15)

Altars:

Shops:
D:1 [


Innate Abilities, Weirdness & Mutations

You have a pair of horns on your head.
You reflexively headbutt those who attack you in melee.


Message History

You see here 3 stones.
An orc and an orc wizard come into view.
The orc shouts!
The orc wizard shouts!
The orc wizard casts a spell.
The orc wizard flickers and vanishes!
Deactivating autopickup; reactivate with Ctrl-A.
You hear a shout!
You hear a shout!
An orc comes into view.
It is wielding a +0 mace and wearing a +0 ring mail of willpower.
The orc hits you from afar with a +0 trident.
The orc hits you with a +0 trident!
You barely miss the orc. The orc hits you with a +0 trident.
You closely miss the orc. The orc hits you with a +0 trident.
The orc barely misses you.
You hit the orc.
The orc is almost dead.
An orc comes into view. It is wielding a +0 war axe.
The orc barely misses you.
You hit the orc.
You kill the orc!
You hear some strange, mumbled words.
You are confused.
You bump into the rock wall.
Unknown command.
It was a potion of attraction.
You feel attractive to monsters.
You hear some strange, mumbled words.
A puff of flame appears from out of thin air!
The puff of flame hits you!
* * * LOW HITPOINT WARNING * * *
You bump into the rock wall.
You hear some strange, mumbled words.
You are more confused.
Unknown command.
You completely miss something. Your headbutt misses something.
Something hits you.
* * * LOW HITPOINT WARNING * * *
Unknown command.
You're too confused to move!
Something hits you.
You die...

###############
#.............#
#.###..######.#
#.# #..# #@#
#.# #..# #{#
#.# #..# #o#
####(# #..# .o.
.....# #..# ..#
###### #..#
##.# #... #.#
#.#


You could see 2 orcs.

Vanquished Creatures
  2 dart slugs (D:1)
  An orc (D:2)
  3 bats (D:1)
  2 endoplasms (D:1)
  A giant cockroach (D:2)
  3 goblins (D:1)
  2 hobgoblins (D:1)
  10 jackals (D:1)
  A quokka (D:1)
  3 ball pythons (D:1)
  5 kobolds (D:1)
  A rat (D:1)
34 creatures vanquished.

Notes
Turn   | Place    | Note
-------+----------+-------------------------------------------
     0 | D:1      | Peloso the Minotaur Fighter began the quest for the Orb.
     0 | D:1      | Reached XP level 1. HP: 19/19 MP: 0/0
    69 | D:1      | Reached XP level 2. HP: 21/27 MP: 1/1
   103 | D:1      | Found Ithruar's Armour Shop.
   392 | D:1      | Reached XP level 3. HP: 33/33 MP: 2/2
  1109 | D:2      | Slain by an orc wizard

Illustrated notes

Levels and vault maps discovered:
D:1:      psy_arrival_dodecagon, layout_basic, serial_shops,
          nicolae_shop_tiny_statue_garden, hangedman_decor_riveting
D:2:      layout_loops_ring, serial_shops, shop

Skill      XL: |  1  2  3 |
---------------+----------+-----
Fighting       | 4 |  4.3
Armour         | 4 |  4.0
Long Blades    | 3 |  3.1
Dodging        | |  0.7
Stealth        | |  0.1
Shields        | |  3.9

Action                     || total
---------------------------++-------
  Melee: Long sword        ||    69
         Headbutt          ||     2
    Use: Potion            ||     5
 Armour: Scale mail        ||    35
  Dodge: Dodged            ||    42
  Block: Buckler           ||    19
